 Dungeon Crawl Stone Soup version 0.29.0-5-ge4962eb29e (webtiles) character file.

Game seed: 97700185724726326

124 Arum the Shield-Bearer (level 5, -7/31 (42) HPs)
             Began as a Formicid Fighter on Aug 28, 2022.
             Was a Plaything of Xom.
             Killed by divine providence
             ... invoked by an orc priest
              (14 damage)
             ... on level 3 of the Dungeon.
             The game lasted 00:03:09 (1966 turns).

Arum the Shield-Bearer (Formicid Fighter)           Turns: 1966, Time: 00:03:10

HP:   -7/31 (42)    AC:  8    Str: 29    XL:     5   Next: 30%
MP:   5/5           EV:  8    Int:  7    God:    Xom [.*....]
Gold: 79            SH:  9    Dex: 13    Spells: 4/4 levels left

rFire   . . .      SeeInvis +   a - +0 quarterstaff
rCold   . . .      Faith    .   j - +0 kite shield
rNeg    . . .      Spirit   .   b - +0 scale mail
rPois   .          Reflect  .   (helmet unavailable)
rElec   .          Harm     .   f - +0 cloak
rCorr   .          Rampage  .   (no gloves)
Will    .....                   (no boots)
Stlth   ..........              (no amulet)
HPRegen 0.10/turn               g - +6 ring of strength
MPRegen 0.09/turn               (no ring)

@: very heavily drained
A: permanent stasis, dig shafts and tunnels, antennae 3, four strong arms
a: Dig, Shaft Self, Renounce Religion


You were on level 3 of the Dungeon.
You worshipped Xom.
You were a plaything of Xom.
You visited 1 branch of the dungeon, and saw 3 of its levels.

You collected 79 gold pieces.

Inventory:

Hand Weapons
 a - a +0 quarterstaff (weapon)
Armour
 b - a +0 scale mail (worn)
 c - a +0 buckler
 f - a +0 cloak (worn)
 j - a +0 kite shield (worn)
Jewellery
 g - a +6 ring of strength (left hand)
Scrolls
 e - 2 scrolls of poison {unknown}
 h - 2 scrolls of teleportation {unknown}
 i - a scroll of vulnerability {unknown}
 n - a scroll of enchant weapon {unknown}
Potions
 d - a potion of might
 k - a potion of flight {unknown}
 l - a potion of curing {unknown}
 m - a potion of degeneration {unknown}


   Skills:
 + Level 4.2 Fighting
 + Level 3.0 Staves
 + Level 4.1 Armour
 - Level 5.0 Shields


You had 4 spell levels left.
You didn't know any spells.
Your spell library was empty.

Dungeon Overview and Level Annotations

Branches:
Dungeon (3/15)

Altars:
Xom


Innate Abilities, Weirdness & Mutations

You cannot be hasted, slowed, berserked, paralysed or teleported.
You can dig through walls and to a lower floor.
You have a pair of large antennae on your head. (SInv)
Your four strong arms can wield two-handed weapons with a shield.


Message History

No target in view!
No target in view!
No target in view!
No target in view!
You start resting.
You sense a monster nearby.
You barely miss the orc priest. You block the orc priest's attack.
You barely miss the orc priest. You block the orc priest's attack.
The orc priest closely misses you.
You closely miss the orc priest.
The orc priest mumbles some strange prayers to Beogh against you.
Beogh smites you!
You are too injured to fight recklessly!
You are too injured to fight recklessly!
You are too injured to fight recklessly!
You are too injured to fight recklessly!
You are too injured to fight recklessly!
You are too injured to fight recklessly!
You are too injured to fight recklessly!
You are too injured to fight recklessly!
You are too injured to fight recklessly!
You are too injured to fight recklessly!
You are too injured to fight recklessly!
You are too injured to fight recklessly!
You are too injured to fight recklessly!
You are too injured to fight recklessly!
You are too injured to fight recklessly!
You are too injured to fight recklessly!
You closely miss the orc priest. You block the orc priest's attack.
You hit the orc priest.
The orc priest is moderately wounded.
The orc priest mumbles some strange prayers to Beogh against you.
Pain shoots through your body!
* * * LOW HITPOINT WARNING * * *
You barely miss the orc priest.
The orc priest is moderately wounded.
The orc priest calls down the wrath of Beogh upon you.
Beogh smites you!
You die...
Xom chortles!

##...........
.#...........
....o?......#
............#
#..........# ###
#....oo...###@# #
.##.........##o####.##
.......<.# ##{{.[..##
.O#...#.S# #{<.......
{##. .#....{..........
#. #. .####..........
# ## .{ ....o.......
####...........
##..........


You could see an orc priest.

Vanquished Creatures
  An orc wizard (D:2)
  2 adders (D:2)
  A worm (D:1)
  An orc (D:3)
  3 ball pythons (D:2)
  6 bats
  7 endoplasms
  7 giant cockroaches
  6 goblins
  6 hobgoblins
  9 jackals
  3 frilled lizards (D:1)
  9 kobolds
  7 rats
68 creatures vanquished.

Vanquished Creatures (others)
  A plant (D:1)
1 creature vanquished.

Grand Total: 69 creatures vanquished

Notes
Turn   | Place    | Note
-------+----------+-------------------------------------------
     0 | D:1      | Arum the Formicid Fighter began the quest for the Orb.
     0 | D:1      | Reached XP level 1. HP: 18/18 MP: 1/1
     1 | D:1      | Found a runed translucent door.
    59 | D:1      | Reached XP level 2. HP: 8/24 MP: 2/2
   429 | D:1      | Found a faded altar of an unknown god.
   437 | D:1      | Prayed at the altar of an unknown god.
   437 | D:1      | Became a worshipper of Xom of Chaos
   620 | D:1      | XOM: potion effect (heal wounds)
   628 | D:1      | Reached XP level 3. HP: 28/29 MP: 3/3
   967 | D:1      | XOM: silly message
  1072 | D:1      | XOM: silly message
  1098 | D:1      | Reached XP level 4. HP: 34/37 MP: 4/4
  1333 | D:1      | XOM: scenery: 1 doors open, 1 doors close
  1600 | D:2      | XOM: silly message
  1647 | D:3      | Noticed an ogre
  1658 | D:2      | Reached XP level 5. HP: 35/42 MP: 5/5
  1663 | D:2      | Reached skill level 5 in Shields
  1949 | D:3      | XOM: butterfly on damage
  1966 | D:3      | Killed from afar by an orc priest

Illustrated notes

Levels and vault maps discovered:
D:1:      dpeg_arrival_caged_fury, layout_basic, serial_glass, glass_columns_a,
          glass_columns_b, glass_columns_a, glass_columns_a, glass_columns_a,
          glass_columns_a, glass_columns_a, glass_columns_a, glass_columns_c,
          glass_columns_a, shapermc_ecumenical_altar_mp_urbaneastern
D:2:      layout_basic
D:3:      layout_rooms

Skill      XL: |  1  2  3  4  5 |
---------------+----------------+-----
Fighting       | 4 |  4.2
Armour         | 4 |  4.1
Staves         | 3 |  3.0
Shields        | 5 |  5.0

Action                   |  1- 3 |  4- 6 || total
-------------------------+-------+-------++-------
Melee: Quarterstaff      |   110 |    88 ||   198
 Abil: Dig               |     1 |     3 ||     4
Armor: Scale mail        |    76 |    38 ||   114
Dodge: Dodged            |    51 |    33 ||    84
Block: Buckler           |    40 |     9 ||    49
       Kite shield       |       |    28 ||    28
